 Dungeon Crawl Stone Soup version 0.27.1 (webtiles) character file.

Game seed: 4090308762653004281

26444 MajorAdolf the Fighter (level 13, -2/135 HPs)
             Began as a Naga Wanderer on Aug 26, 2021.
             Slain by a slime creature (13 damage)
             ... on level 13 of the Dungeon.
             The game lasted 00:43:53 (26229 turns).

MajorAdolf the Fighter (Naga Wanderer)             Turns: 26229, Time: 00:43:54

Health: -2/135     AC: 39    Str: 18    XL:     13   Next: 26%
Magic:  0/13       EV: 11    Int:  9    God:
Gold:   1094       SH:  0    Dex: 16    Spells: 9/12 levels left

rFire    . . .     SeeInvis +   a - +3 hand axe (protect)
rCold    + + .     Faith    .   (no shield)
rNeg     + . .     Spirit   +   e - +2 robe {Will+}
rPois    +         Reflect  .   J - +2 helmet {Int+3}
rElec    .         Harm     .   n - +2 cloak "Juokh" {rC++ rN+ Int-5 Dex+2}
rCorr    .         Rampage  .   C - +2 pair of gloves
Will     ++...                  l - +1 barding {Fly}
Stlth    ++........             p - amulet of guardian spirit
HPRegen  0.32/turn              E - +4 ring of evasion
MPRegen  0.13/turn              F - +4 ring of protection

@: ice-armoured, under a protective aura, flying, very slow
A: AC +4, large, see invisible, deformed body, poison resistance, slowness 2,
spit poison 1, naga tail 2
a: Spit Poison


You were on level 13 of the Dungeon.
You visited 1 branch of the dungeon, and saw 13 of its levels.
You also visited: Bailey.

You collected 1094 gold pieces.

Inventory:

Hand Weapons
 a - a +3 hand axe of protection (weapon)
 b - a +0 shortbow
 R - a +1 war axe of flaming
Missiles
 c - 235 arrows
 t - 9 throwing nets
Armour
 e - a +2 robe of willpower (worn)
 l - a +1 barding of flying (worn)
 n - the +2 cloak "Juokh" (worn) {rC++ rN+ Int-5 Dex+2}
   (You acquired it on level 9 of the Dungeon)

   Int:       It affects your intelligence (-5).
   Dex:       It affects your dexterity (+2).
   rC:        It greatly protects you from cold.
   rN:        It protects you from negative energy.
 C - a +2 pair of gloves (worn)
 J - a +2 helmet of intelligence (worn)
Magical Staves
 d - a staff of cold
Jewellery
 j - a ring of positive energy
 p - an amulet of guardian spirit (around neck)
 y - a +4 ring of slaying
 E - a +4 ring of evasion (left hand)
 F - a +4 ring of protection (right hand)
Wands
 x - a wand of polymorph (4)
 G - a wand of charming (9)
 H - a wand of flame (31)
 M - a wand of acid (7)
 Q - a wand of iceblast (10)
Scrolls
 f - 10 scrolls of identify
 g - 2 scrolls of noise
 h - a scroll of vulnerability
 i - 4 scrolls of blinking
 k - a scroll of magic mapping
 m - a scroll of amnesia
 o - a scroll of enchant weapon
 B - 2 scrolls of fear
Potions
 q - 3 potions of lignification
 r - a potion of invisibility
 s - 4 potions of curing
 u - a potion of ambrosia
 w - 2 potions of mutation
 z - 3 potions of flight {unknown}
 A - a potion of cancellation {unknown}
 D - a potion of attraction {unknown}
 I - 2 potions of heal wounds {unknown}
 K - 3 potions of haste
 L - a potion of brilliance {unknown}
 N - a potion of might
 O - a potion of degeneration {unknown}
 P - a potion of resistance {unknown}
Miscellaneous
 v - a phial of floods


   Skills:
 + Level 14.1 Fighting
 - Level 13.9(14.0) Axes
 - Level 1.0(9.3) Maces & Flails
 - Level 1.0 Throwing
 - Level 1.5 Armour
 - Level 1.5 Stealth
 + Level 12.6 Ice Magic


You had 9 spell levels left.
You knew the following spells:

 Your Spells              Type           Power      Damage    Failure   Level
a - Ozocubu's Armour      Ice            22%        N/A       1%          3

Your spell library contained the following spells:

 Spells                   Type           Power      Damage    Failure   Level
 Ensorcelled Hibernation  Hex/Ice        22%        N/A       4%          2
 Magic Dart               Conj           0%         1d3       38%         1
 Searing Ray              Conj           0%         3d3       52%         2
 Metabolic Englaciation   Hex/Ice        5%         N/A       65%         5
 Spider Form              Tmut/Pois      0%         N/A       77%         3
 Vampiric Draining        Necr           0%         2d6       77%         3
 Freezing Cloud           Conj/Ice/Air   3%         6-21      90%         5
 Fulminant Prism          Conj/Hex       0%         3d6       99%         4
 Simulacrum               Ice/Necr       5%         N/A       99%         6
 Shadow Creatures         Summ           N/A        N/A       100%        6


Dungeon Overview and Level Annotations

Branches:
Dungeon (13/15)            Temple (0/1) D:5            Lair (0/6) D:11
    Orc (0/2) D:12         Bailey (visited)
 Vaults: D:13-14

Altars:
Cheibriados
Dithmenos
Elyvilon
Fedhas
Hepliaklqana
Nemelex Xobeh
Qazlal
Ru
Vehumet
Wu Jian
Xom
Yredelemnul
The Shining One

Shops:
D:7 ?   D:10 (   D:11 !

Annotations:
D:4 exclusions: phantom and scorpion
D:10 1 runed translucent door
D:11 3 runed translucent doors, Garym's ghost, journeyman MiFi
D:13 exclusion: kobold demonologist


Innate Abilities, Weirdness & Mutations

Your serpentine skin is tough. (AC +4)
You have supernaturally acute eyesight. (SInv)
Armour fits poorly on your strangely shaped body.
Your system is resistant to poisons. (rPois)
You cover ground very slowly.
You can spit poison.
You can use your snake-like lower body to constrict enemies.


Message History

There are no items here.
Unknown command.
You slash the slime creature!
Your weapon exudes an aura of protection.
The slime creature is moderately wounded.
The slime creature hits you but does no damage.
You slash the slime creature!
The slime creature is moderately wounded.
The slime creature hits you but does no damage.
You barely miss the slime creature.
The slime creature is moderately wounded.
You barely miss the slime creature.
The slime creature is moderately wounded.
The slime creature hits you but does no damage.
You hit the slime creature.
The slime creature is moderately wounded.
Okay, then.
Okay, then.
Okay, then.
You slash the slime creature!
The slime creature is severely wounded.
The slime creature hits you but does no damage.
You barely miss the slime creature.
The slime creature is heavily wounded.
The slime creature misses you.
You completely miss the slime creature.
The slime creature is heavily wounded.
You slash the slime creature!
The slime creature is severely wounded.
The slime creature hits you but does no damage.
You slash the slime creature!
The slime creature is almost dead.
You hit the slime creature.
The slime creature is almost dead.
The slime creature hits you!
* * * LOW HITPOINT WARNING * * *
You hit the slime creature.
The slime creature is almost dead.
The slime creature hits you!
You die...

l..........#
#..#####.#
...........#
#........# ...........
#####........####
...........
..................
###...#####
..................
..#...#
....(.............
..#...#
###..##...........
..#...# #######..
######...... ..# .#
#[...@#. . #...... ..#
#..#J##. ##. #......
..# # #.#.#..#.#
#...... .=#
..##.#..#Z# #......
..# #.#...e......
#...... ###
#####.#Z.#.#####......
.....
...c○○☼°...........
...K.
..J.☼ce.○e.........
####.
##.#.E#E#####......


You could see a slime creature.

Vanquished Creatures
  Snorg (D:11)
  2 centaur warriors
  3 two-headed ogres
  Urug (D:10)
  5 skeletal warriors
  An orc knight (Bailey)
  A deep elf archer (D:13)
  A cyclops (shapeshifter) (D:10)
  4 deep elf pyromancers (D:13)
  2 ugly things
  2 manticores
  3 cyclopes
  Maurice (D:10)
  Joseph (D:8)
  A gargoyle (D:7)
  A yaktaur (D:13)
  An unseen horror (D:12)
  2 kobold demonologists (D:12)
  3 trolls
  2 meliai zombies (D:11)
  4 slime creatures
  A hornet (D:10)
  2 wraiths
  Sigmund (D:2)
  A shadow (D:12)
  15 yaks
  A vampire (D:12)
  A water elemental (D:11)
  A steam dragon (D:8)
  7 vampire mosquitoes
  A water moccasin (D:6)
  An acid dragon (D:12)
  An ice beast (shapeshifter) (D:13)
  8 orc warriors
  A black bear (D:6)
  6 ogres
  A necrophage (D:5)
  2 wolves (D:11)
  8 centaurs
  A phantom (D:5)
  4 kobold brigands
  3 bullfrogs
  4 gnoll sergeants
  A scorpion (D:6)
  2 wyvern skeletons (D:7)
  14 killer bees
  2 electric eels (D:11)
  3 howler monkeys
  2 centaur zombies
  2 gnoll shamans
  6 hounds
  3 jellies
  4 orc priests
  A human skeleton (D:10)
  4 iguanas
  Natasha (thrice) (D:2)
  3 orc wizards
  Terence (D:2)
  4 killer bee zombies
  2 hound skeletons
  4 adders (D:3)
  26 gnolls
  2 shadow imps
  An adder skeleton (D:4)
  2 worms
  5 dart slugs
  35 orcs
  5 ball pythons
  10 bats
  12 endoplasms
  2 giant cockroaches
  8 goblins
  12 hobgoblins
  27 kobolds
  2 quokkas
  2 frilled lizards
  2 rats (D:3)
327 creatures vanquished.

Vanquished Creatures (others)
  A centaur skeleton (D:13)
  A slime creature (D:13)
  An ogre (D:12)
  An orc (D:10)
  7 fungi (D:3)
  5 toadstools (D:3)
16 creatures vanquished.

Grand Total: 343 creatures vanquished

Notes
Turn   | Place    | Note
-------+----------+-------------------------------------------
     0 | D:1      | MajorAdolf the Naga Wanderer began the quest for the Orb.
     0 | D:1      | MajorAdolf set off with the following items: a +2 hand axe,
                  | a +0 shortbow, 28 arrows, a +0 ring mail
     0 | D:1      | Reached XP level 1. HP: 21/21 MP: 1/1
   312 | D:1      | Reached XP level 2. HP: 21/28 MP: 2/2
   467 | D:1      | Found a faded altar of an unknown god.
  1252 | D:2      | Reached XP level 3. HP: 34/34 MP: 3/3
  1312 | D:2      | You fall into a shaft and drop 1 floor!
  1689 | D:3      | Found a radiant altar of Vehumet.
  1956 | D:3      | Reached XP level 4. HP: 33/42 MP: 4/4
  2594 | D:2      | Noticed Sigmund
  2620 | D:2      | Killed Sigmund
  2621 | D:2      | Reached XP level 5. HP: 43/49 MP: 1/5
  2621 | D:2      | Reached XP level 6. HP: 49/56 MP: 1/6
  2832 | D:2      | Noticed Natasha
  2838 | D:2      | Killed Natasha
  2975 | D:2      | Noticed Natasha
  2978 | D:2      | Noticed Terence
  2991 | D:2      | Killed Terence
  3021 | D:2      | Killed Natasha
  3568 | D:2      | Noticed Natasha
  3575 | D:2      | Killed Natasha
  4423 | D:3      | Found a stormy altar of Qazlal.
  4485 | D:3      | Found a white marble altar of Elyvilon.
  5236 | D:4      | Reached XP level 7. HP: 56/62 MP: 5/7
  5329 | D:4      | Found a shadowy altar of Dithmenos.
  6022 | D:5      | Entered Level 5 of the Dungeon
  6054 | D:5      | Found an ornate altar of the Wu Jian Council.
  6445 | D:5      | Found a staircase to the Ecumenical Temple.
  6738 | D:5      | Reached XP level 8. HP: 41/69 MP: 6/8
  7373 | D:6      | Reached skill level 10 in Axes
  8698 | D:6      | Reached XP level 9. HP: 70/75 MP: 5/9
  9220 | D:6      | Learned a level 3 spell: Ozocubu's Armour
  9493 | D:7      | Found a blossoming altar of Fedhas.
  9628 | D:7      | Found Xueqekib's Magic Scroll Shop.
  9693 | D:7      | Noticed a cyclops
 10799 | D:6      | Reached skill level 1 in Ice Magic
 11724 | D:7      | Killed a cyclops
 12301 | D:7      | Noticed a gargoyle
 12329 | D:7      | Killed a gargoyle
 13428 | D:8      | Found a glowing golden altar of the Shining One.
 13519 | D:8      | Reached XP level 10. HP: 60/84 MP: 6/10
 13550 | D:8      | Identified a scroll of acquirement
 13550 | D:8      | Acquired a +0 barding of flying
 13565 | D:8      | Reached skill level 5 in Ice Magic
 14257 | D:8      | Noticed Joseph
 14292 | D:8      | Killed Joseph
 14558 | D:9      | Noticed a two-headed ogre
 14560 | D:9      | Acquired the +2 cloak "Juokh" {rC++ rN+ Int-5 Dex+2}
 14578 | D:9      | Killed a two-headed ogre
 15449 | D:10     | Entered Level 10 of the Dungeon
 15465 | D:10     | Noticed a centaur warrior
 15508 | D:10     | Killed a centaur warrior
 15726 | D:10     | Reached skill level 4 in Fighting
 15852 | D:10     | Found a sparkling altar of Nemelex Xobeh.
 15941 | D:10     | Found a runed translucent door.
 15942 | D:10     | Noticed Maurice
 15954 | D:10     | Killed Maurice
 15955 | D:10     | Reached XP level 11. HP: 92/93 MP: 7/11
 16080 | D:10     | Found Ysopan's Weapon Shoppe.
 16108 | D:10     | Reached skill level 5 in Fighting
 16320 | D:10     | Noticed a manticore
 16339 | D:10     | Killed a manticore
 16348 | D:10     | Found the +8 demon trident "Rift" {distort, reach+}
 16496 | D:10     | Noticed an orb spider
 16548 | D:10     | an orb spider changed into a shapeshifter
 16548 | D:10     | Noticed an orb spider
 16548 | D:10     | a shapeshifter changed into an orb spider
 16553 | D:10     | an orb spider changed into a guardian serpent
 16555 | D:10     | Noticed a cyclops
 16555 | D:10     | a guardian serpent changed into a cyclops
 16571 | D:10     | Killed a cyclops
 16572 | D:10     | Reached skill level 6 in Fighting
 16863 | D:10     | Found the +2 cloak of the Thief {*Fog Slay-2 SInv Stlth+}
 16898 | D:10     | Got the Disquisition on Snow and Unholy Arts
 16970 | D:10     | Noticed Urug
 17017 | D:10     | Killed Urug
 17419 | D:10     | Noticed a two-headed ogre
 17437 | D:10     | Killed a two-headed ogre
 17438 | D:10     | Reached skill level 7 in Fighting
 17634 | D:10     | Found a snail-covered altar of Cheibriados.
 17634 | D:10     | Found a shimmering altar of Xom.
 17635 | D:10     | Found a sacrificial altar of Ru.
 17656 | D:10     | Found a hazy altar of Hepliaklqana.
 17961 | D:11     | Found a flagged portal.
 17972 | Bailey   | Entered a bailey
 18103 | Bailey   | Noticed an orc knight
 18117 | Bailey   | Reached skill level 8 in Fighting
 18164 | Bailey   | Killed an orc knight
 19186 | D:11     | Found Wuagrago's Distillery.
 19271 | D:11     | Noticed Snorg
 19291 | D:12     | Reached skill level 9 in Fighting
 19433 | D:11     | Killed Snorg
 19878 | D:11     | Noticed a cyclops
 19895 | D:11     | Killed a cyclops
 19896 | D:11     | Reached XP level 12. HP: 97/116 MP: 8/12
 20090 | D:10     | Found a basalt altar of Yredelemnul.
 20223 | D:11     | Found a runed translucent gate.
 20223 | D:11     | Found a runed translucent gate.
 20223 | D:11     | Found a runed translucent gate.
 20223 | D:11     | Noticed Garym's ghost (journeyman MiFi)
 20244 | D:11     | Reached skill level 10 in Fighting
 20244 | D:11     | Reached skill level 10 in Ice Magic
 20301 | D:11     | Found a basalt altar of Yredelemnul.
 20592 | D:11     | Found a staircase to the Lair.
 21357 | D:12     | Reached skill level 11 in Fighting
 21695 | D:12     | Found a snail-covered altar of Cheibriados.
 22072 | D:12     | Found a staircase to the Orcish Mines.
 22124 | D:12     | Reached skill level 12 in Fighting
 22793 | D:13     | Noticed a two-headed ogre
 23691 | D:13     | Killed a two-headed ogre
 23692 | D:13     | Reached skill level 13 in Fighting
 25588 | D:12     | Gained mutation: You can use your snake-like lower body to
                  | constrict enemies. [Naga growth]
 25588 | D:12     | Reached XP level 13. HP: 96/133 MP: 8/13
 26118 | D:13     | Identified the +10 dagger "Huz Jah" {vorpal, rPois rC+
                  | Str+7 Dex-5}
 26146 | D:13     | Identified the ring of Jiffyqec {rF- rCorr Int+6}
 26164 | D:13     | Reached skill level 14 in Fighting
 26229 | D:13     | Slain by a slime creature

Illustrated notes

Levels and vault maps discovered:
D:1:      minmay_arrival_checkered_box, layout_basic,
          shapermc_ecumenical_altar_starsandcircs, minmay_pentomino_t2
D:2:      layout_loops_ring, serial_forest, infiniplex_forest_lined_room_3,
          infiniplex_forest_end_1, infiniplex_forest_lined_2,
          infiniplex_forest_side_room, infiniplex_forest_zigzag_1,
          infiniplex_forest_clump_curved, infiniplex_forest_join, uniq_terence,
          uniq_sigmund, uniq_natasha
D:3:      layout_rooms, nicolae_elyvilon_peaceful_grove, vehumet_crystals,
          nicolae_qazlal_eye_of_the_storm, minmay_gold_behind_fungi,
          minmay_misc_feat_secret_circle
D:4:      layout_gridville, grunt_dithmenos_smoke, amethyst_killhole
D:5:      layout_basic, nicolae_wu_jian_wuxing_cycle,
          minmay_temple_entry_enclosed_plants, nrook_mini_backslash
D:6:      layout_basic, minmay_liquid_box, nicolae_sextant
D:7:      minmay_blocky_corners, layout_loops_ring, fedhas_altar_2,
          serial_shops, shop
D:8:      layout_loops_ring, lemuel_crystal_altar, grunt_ogre_cave, uniq_joseph
D:9:      layout_loops_ring
D:10:     minmay_cut_squares, layout_basic, mainiacjoe_overflow_surrounded_room,
          dk_yredelemnul_ordeal, nicolae_overflow_quartered_altars, special_room
          [special_room_orc], serial_shops, shop, minmay_misc_feat_hallway,
          uniq_urug, uniq_maurice
D:11:     layout_gridville, erik_lair_island, serial_shops, shop,
          enter_bailey_4, nicolae_yredelemnul_ghost_church, uniq_snorg
D:12:     layout_loops_ring, kennysheep_orc_monster_closet_entryway,
          slow_altar_2
D:13:     layout_irregular_city, hangedman_vaults_entry_quadrant_bands

Skill      XL: |  1  2  3  4  5  6  7  8  9 10 11 12 13 |
---------------+----------------------------------------+-----
Axes           | 3 4 6 7 9 11 12 13 | 13.9
Ice Magic      | 4 7 9 12 | 12.6
Fighting       | 4 9 13 14 | 14.1
Maces & Flails | |  1.0
Throwing       | |  1.0
Armour         | |  1.5
Stealth        | |  1.5

Action                   |  1- 3 |  4- 6 |  7- 9 | 10-12 | 13-15 || total
-------------------------+-------+-------+-------+-------+-------++-------
Melee: Hand axe          |    99 |   120 |   412 |  1358 |   132 ||  2121
       Constrict         |       |       |       |       |     9 ||     9
 Cast: Ozocubu's Armour  |       |       |     1 |    42 |     9 ||    52
 Abil: Spit Poison       |     3 |    13 |    25 |    38 |       ||    79
Evoke: Wand              |       |       |       |     4 |     3 ||     7
       Phial of floods   |       |       |       |     1 |       ||     1
  Use: Potion            |       |     2 |     2 |    10 |       ||    14
       Scroll            |       |       |       |    17 |     1 ||    18
 Stab: Sleeping          |       |     4 |     4 |       |       ||     8
       Distracted        |       |     1 |       |       |       ||     1
       Invisible         |       |       |       |     1 |       ||     1
Armor: Ring mail         |    43 |     9 |       |       |       ||    52
       Skin              |       |    10 |    15 |       |       ||    25
       Robe              |       |    34 |   145 |   775 |    79 ||  1033
Dodge: Dodged            |    44 |    46 |   184 |   516 |    52 ||   842
